 Dungeon Crawl Stone Soup version 0.27-a0-679-g77a6b55cf3 (webtiles) character file.

Game seed: 17939465654810441868

643 Lanoc the Skirmisher (level 7, -11/76 HPs)
             Began as an Ogre Berserker on Mar 18, 2021.
             Was a Believer of Trog.
             Mangled by Pikel
             ... wielding a +2 whip of electrocution
              (20 damage)
             ... on level 5 of the Dungeon.
             The game lasted 00:03:18 (3969 turns).

Lanoc the Skirmisher (Ogre Berserker)               Turns: 3969, Time: 00:03:18

Health: -11/76     AC:  3    Str: 22    XL:     7   Next: 51%
Magic:  7/7        EV: 10    Int:  8    God:    Trog [**....]
Gold:   170        SH:  0    Dex: 10    Spells: 6/6 levels left

rFire    . . .     SeeInvis .   j - +0 whip (venom)
rCold    . . .     Faith    .   (no shield)
rNeg     . . .     Spirit   .   b - +0 animal skin
rPois    .         Reflect  .   (helmet restricted)
rElec    .         Harm     .   (no cloak)
rCorr    .         Rampage  .   (gloves unavailable)
Will     ++...                  (boots unavailable)
Stlth    +.........             (no amulet)
HPRegen  1.22/turn              (no ring)
MPRegen  0.10/turn              (no ring)

@: brilliant, berserk cooldown, regenerating, slowed, very slow
A: large, unfitting armour, tough skin 1
a: Renounce Religion, Berserk, Trog's Hand


You were on level 5 of the Dungeon.
You worshipped Trog.
Trog was pleased with you.
You visited 2 branches of the dungeon, and saw 6 of its levels.

You collected 170 gold pieces.

Inventory:

Hand Weapons
 j - a +0 whip of venom (weapon)
Armour
 b - a +0 animal skin (worn)
Wands
 a - a wand of charming (5)
 n - a wand of paralysis (8)
 o - a wand of random effects (15)
Scrolls
 d - a scroll of enchant weapon {unknown}
 f - 2 scrolls of identify {unknown}
 g - a scroll of magic mapping {unknown}
 l - a scroll of blinking {unknown}
 m - a scroll of fog {unknown}
 p - a scroll of fear {unknown}
Potions
 e - a potion of magic {unknown}
 h - a potion of haste {unknown}
 i - 3 potions of curing {unknown}
 k - a potion of attraction {unknown}


   Skills:
 + Level 6.5 Fighting
 * Level 5.8 Maces & Flails
 + Level 4.4 Dodging


You had 6 spell levels left.
You didn't know any spells.
Your spell library was empty.

Dungeon Overview and Level Annotations

Branches:
Dungeon (5/15)             Temple (1/1) D:4

Altars:
Dithmenos
Elyvilon
Fedhas
Gozag
Kikubaaqudgha
Nemelex Xobeh
Okawaru
Vehumet
Yredelemnul
Zin

Annotations:
D:5 Pikel


Innate Abilities, Weirdness & Mutations

You are too large for most types of armour.
You have tough skin. (AC +1)


Message History

Pikel is lightly wounded.
Pikel closely misses you.
You closely miss Pikel.
Pikel is lightly wounded.
You barely miss Pikel.
Pikel is lightly wounded.
Pikel hits you with a +2 whip of electrocution!
You hit Pikel.
Pikel looks even sicker.
Pikel is moderately wounded.
You closely miss Pikel.
Pikel is moderately wounded.
Pikel barely misses you.
You hit Pikel.
Pikel is moderately wounded.
Pikel hits you with a +2 whip of electrocution.
You are electrocuted!
You are too injured to fight recklessly!
You are too injured to fight recklessly!
You hit Pikel.
Pikel is moderately wounded.
You hit Pikel.
Pikel looks as sick as possible!
Pikel is heavily wounded.
You are no longer berserk.
You are exhausted.
You feel yourself slow down.
Pikel hits you with a +2 whip of electrocution!
You are electrocuted!
* * * LOW HITPOINT WARNING * * *
Okay, then.
Your skin crawls.
You feel strong-willed. Pikel barely misses you.
It was a potion of brilliance.
You feel clever all of a sudden.
Pikel hits you with a +2 whip of electrocution.
* * * LOW HITPOINT WARNING * * *
Pikel hits you with a +2 whip of electrocution.
* * * LOW HITPOINT WARNING * * *
You are electrocuted!!
You die...

#.##......##.>.#....#.#...#
##..........#..†.....###...#
###..........<............##
###...#.#..##.......#....###
..#.#.#.###.........#.#....##
....###...###.......###.....#
.....#......###.##.## ###..##
.#..##.......5#####. #...#
###.#........55K@.### #...###
..###.........5##...#####....##
...# ..........#......###...<.#
#.## .........##........###...#
.## .........#.............###
..# ........##..........##.# ..#
##.5....#...........#..# #
.##...###...##..........##.######
.#......### ...........#....#...


You could see Pikel (extremely poisoned) and 4 lemures.

Vanquished Creatures
  Prince Ribbit (D:5)
  2 ogres (D:4)
  A hound (D:4)
  An iguana (D:5)
  A bullfrog skeleton (D:5)
  An orc wizard (D:5)
  5 worker ants
  2 adders (D:4)
  An adder skeleton (D:5)
  A worm (D:3)
  4 leopard geckos
  10 orcs
  3 giant cockroaches
  4 jackals
  A quokka (D:4)
  A frilled lizard (D:2)
  A giant cockroach zombie (D:4)
  A goblin (D:3)
  2 quokka skeletons (D:4)
  A rat (D:2)
44 creatures vanquished.

Notes
Turn   | Place    | Note
-------+----------+-------------------------------------------
     0 | D:1      | Lanoc the Ogre Berserker began the quest for the Orb.
     0 | D:1      | Reached XP level 1. HP: 24/24 MP: 1/1
   120 | D:3      | Reached XP level 2. HP: 24/32 MP: 2/2
   781 | D:3      | Found a sparkling altar of Nemelex Xobeh.
  1253 | D:4      | Reached XP level 3. HP: 32/40 MP: 3/3
  1355 | D:4      | Noticed an ogre
  1601 | D:4      | Killed an ogre
  1602 | D:4      | Reached skill level 5 in Fighting
  1602 | D:4      | Reached XP level 4. HP: 50/50 MP: 4/4
  1602 | D:4      | Reached XP level 5. HP: 57/57 MP: 5/5
  1890 | D:4      | Found a shadowy altar of Dithmenos.
  1893 | D:4      | Found an iron altar of Okawaru.
  1907 | D:4      | Found a blossoming altar of Fedhas.
  1910 | D:4      | Found a sparkling altar of Nemelex Xobeh.
  1997 | D:4      | Found a staircase to the Ecumenical Temple.
  2035 | Temple   | Entered the Ecumenical Temple
  2786 | D:4      | Noticed an ogre
  2796 | D:4      | Killed an ogre
  2797 | D:4      | Reached XP level 6. HP: 10/66 MP: 6/6
  3110 | D:5      | Entered Level 5 of the Dungeon
  3271 | D:5      | Reached skill level 5 in Maces & Flails
  3584 | D:5      | Noticed Prince Ribbit
  3598 | D:5      | Killed Prince Ribbit
  3598 | D:5      | Reached ** piety under Trog
  3599 | D:5      | Reached skill level 6 in Fighting
  3599 | D:5      | Reached XP level 7. HP: 76/76 MP: 7/7
  3867 | D:5      | Found a glowing silver altar of Zin.
  3867 | D:5      | Found an opulent altar of Gozag.
  3938 | D:5      | Noticed Pikel
  3969 | D:5      | Mangled by Pikel

Illustrated notes

Levels and vault maps discovered:
D:1:      minmay_arrival_cross, layout_loops_cross
D:2:      layout_loops_cross, uniq_natasha
D:3:      layout_loops_ring, serial_forest, infiniplex_forest_lined_2,
          infiniplex_forest_clump_double, infiniplex_forest_lined_2,
          infiniplex_forest_lined_4_way, infiniplex_forest_clump_small,
          infiniplex_forest_corner_2, minivault_25, nemelex_spade_bored_becter
D:4:      layout_basic, grunt_temple_overflow_cloverleaf, temple_doors_e,
          grunt_decor_clamped
D:5:      minmay_skewed_foursquare, layout_cave_pools,
          grunt_temple_overflow_gold_and_silver, lemuel_statue_altar,
          uniq_pikel, uniq_prince_ribbit1
Temple:   eino_temple_rhombus

Skill      XL: |  1  2  3  4  5  6 |
---------------+-------------------+-----
Maces & Flails | 3 4 5 |  5.8
Dodging        | 3 4 |  4.4
Fighting       | 5 6 |  6.5

Action                   |  1- 3 |  4- 6 |  7- 9 || total
-------------------------+-------+-------+-------++-------
Melee: Mace              |    50 |       |       ||    50
       Whip              |    33 |    95 |    27 ||   155
Invok: Berserk           |     3 |     3 |     1 ||     7
       Trog's Hand       |       |       |     1 ||     1
  Use: Potion            |       |       |     1 ||     1
Armor: Animal skin       |    15 |    14 |     5 ||    34
Dodge: Dodged            |    56 |    39 |     7 ||   102

Table legend: (Time is in decaauts)
 A = Elapsed time spent in this place.
 B = Non-inter-level travel time spent in this place.
 C = Inter-level travel time spent in this place.
 D = Time resting spent in this place.
 E = Time spent auto-exploring this place.
 F = Levels seen in this place.
 G = Mean time per level.
                   A        B        C        D        E       F      G
               +--------+--------+--------+--------+--------+-----+--------+
         Total |   4022 |   3922 |    100 |    189 |   3349 |   6 |  670.3 |
       Dungeon |   4021 |   3921 |    100 |    189 |   3349 |   5 |  804.2 |
        Temple |      1 |      1 |      0 |      0 |      0 |   1 |    1.0 |
               +--------+--------+--------+--------+--------+-----+--------+

Top non-repeatable levels by time:
     D:4: 1683 daAuts
     D:3: 1392 daAuts
     D:5: 859 daAuts
     D:1: 61 daAuts
     D:2: 25 daAuts
  Temple: 1 daAuts
